 Dungeon Crawl Stone Soup version 0.19.0-19-g8c6edcc (webtiles) character file.

294 AAAAA the Skirmisher (level 6, -3/46 HPs)
             Began as an Octopode Warper on Nov 12, 2016.
             Shot with an arrow by a centaur (16 damage)
             ... on level 5 of the Dungeon.
             The game lasted 00:05:21 (1230 turns).

AAAAA the Skirmisher (Octopode Warper)              Turns: 1230, Time: 00:05:22

Health: -3/46      AC:  1    Str: 10    XL:     6   Next: 34%
Magic:  8/9        EV: 13    Int: 15    God:
Gold:   22         SH:  0    Dex: 12    Spells: 2 memorised, 4 levels left

rFire  . . .     SeeInvis .     a - +0 falchion
rCold  . . .     Gourm    .     (no shield)
rNeg   + . .     Faith    .     (helmet restricted)
rPois  .         Spirit   .     (no amulet)
rElec  .         Reflect  .     i - -2 ring of dexterity (curse)
rCorr  .         Harm     .     r - ring of positive energy
MR     .....                    (no ring)
Stlth  ++........               (no ring)
                                (no ring)
                                (no ring)
                                (no ring)
                                (no ring)

@: no status effects
A: almost no armour, stealthy swim, amphibious, 8 rings, constrict 8, camouflage
1, gelatinous body 1
a: no special abilities


You were on level 5 of the Dungeon.
You were very hungry.

You visited 1 branch of the dungeon, and saw 5 of its levels.

You collected 72 gold pieces.
You spent 50 gold pieces at shops.

Inventory:

Hand Weapons
 a - a +0 falchion (weapon)
Missiles
 d - 5 tomahawks of dispersal
 e - 6 tomahawks (quivered)
 g - 13 poisoned needles
Jewellery
 i - a cursed -2 ring of dexterity (left tentacle)
 r - a ring of positive energy (right tentacle)
Wands
 m - a wand of confusion (17/48)
 n - a wand of acid (5/15)
Scrolls
 c - a scroll of blinking
 q - a scroll of teleportation
 s - 2 scrolls of fog
Potions
 h - a potion of agility {unknown}
 l - 3 potions of brilliance {unknown}
 o - a potion of magic {unknown}
 p - a potion of berserk rage {unknown}
Books
 b - a book of Spatial Translocations

   Spells                             Type                      Level
   a - Blink                          Translocation                2
   b - Shroud of Golubria             Charms/Translocation         2
   c - Lesser Beckoning               Translocation                3
   d - Portal Projectile              Translocation                3
   e - Teleport Other                 Translocation                3
   f - Passage of Golubria            Translocation                4
 j - a book of Maledictions

   Spells                             Type                      Level
   a - Corona                         Hexes                        1
   b - Ensorcelled Hibernation        Hexes/Ice                    2
   c - Confuse                        Hexes                        3
   d - Tukima's Dance                 Hexes                        3
   e - Dazzling Spray                 Conjuration/Hexes            3
Comestibles
 f - 3 bread rations
 k - a meat ration


   Skills:
 - Level 6.0 Fighting
 + Level 3.1 Long Blades
 - Level 1.0 Throwing
 - Level 2.3 Dodging
 - Level 2.0 Spellcasting
 - Level 3.0 Translocations


You had 4 spell levels left.
You knew the following spells:

 Your Spells              Type           Power        Failure   Level  Hunger
a - Blink                 Tloc           N/A          12%         2    ###....
b - Teleport Other        Tloc           ##......     21%         3    ###....


Dungeon Overview and Level Annotations

Branches:
Dungeon (5/15)
 Temple: D:4-7

Altars:

Shops:
D:4 ?

Annotations:
D:4 runt's ghost, amateur DrWz


Innate Abilities, Weirdness & Mutations

You cannot wear most types of armour.
You are very stealthy in the water. (Stealth+)
You are amphibious.
You can wear up to eight rings at the same time.
You can use your tentacles to constrict eight enemies at once.
Your skin changes colour to match your surroundings (Stealth+).
Your rubbery body absorbs attacks. (AC +1, EV +1)


Message History

Casting: Blink
Confirm with . or Enter, or press ? or * to list all spells.
You blink.
Found a scroll of teleportation.
An adder comes into view.
A centaur comes into view.
The adder hisses angrily.
The centaur shouts!
The centaur wields a shortbow.
The centaur shoots an arrow.
The arrow hits you.
You hear a distant blaring wail to the southwest.
You see here an arrow.
The centaur shoots an arrow.
The arrow hits you.
* * * LOW HITPOINT WARNING * * *
An adder comes into view.
The adder barely misses you.
Found 8 poisoned needles.
The adder bites you.
* * * LOW HITPOINT WARNING * * *
The centaur shoots an arrow.
The arrow hits you!
You die...

#. #.# ###.###
#.....#
######.#.#.##
.S.........#
#..##.#.#..#
#..##(...S.#
#?.####.##@##
.#####.....Y.....#
#.......(..c.##..#
######.#######..#
#.# )....
#Y##.####..#..
#######.##.#.....#.#
..........).#.##.##
# ##.#.###.#..#.# .#


You could see an ice beast, a centaur and an adder.

Vanquished Creatures
  Menkaure (D:4)
  A crimson imp (D:4)
  A hound (D:4)
  A worker ant (D:4)
  2 hound zombies
  A worker ant zombie (D:5)
  4 adders
  An ooze (D:4)
  A worm (D:4)
  A leopard gecko (D:3)
  A giant cockroach (D:4)
  2 hobgoblins (D:3)
  4 jackals (D:4)
  A bat (D:3)
  A frilled lizard (D:2)
  A goblin (D:3)
  A leopard gecko skeleton (D:4)
  2 rats (D:3)
27 creatures vanquished.

Notes
Turn   | Place    | Note
-------+----------+-------------------------------------------
     0 | D:1      | AAAAA the Octopode Warper began the quest for the Orb.
     0 | D:1      | Reached XP level 1. HP: 14/14 MP: 3/3
   136 | D:2      | Reached XP level 2. HP: 14/20 MP: 5/5
   140 | D:2      | Learned a level 2 spell: Blink
   257 | D:3      | Reached skill level 3 in Fighting
   283 | D:3      | Reached XP level 3. HP: 26/26 MP: 6/6
   385 | D:3      | Learned a level 3 spell: Teleport Other
   406 | D:4      | Reached skill level 4 in Fighting
   534 | D:4      | Noticed runt's ghost (amateur DrWz)
   742 | D:4      | Reached XP level 4. HP: 29/33 MP: 7/7
   753 | D:4      | Found Toevvyp's Magic Scroll Boutique.
   861 | D:4      | Noticed Menkaure
   894 | D:4      | Killed Menkaure
   894 | D:4      | Reached skill level 6 in Fighting
   894 | D:4      | Reached XP level 5. HP: 19/41 MP: 8/8
  1042 | D:5      | Entered Level 5 of the Dungeon
  1047 | D:5      | Noticed an ice beast
  1060 | D:4      | Reached XP level 6. HP: 13/46 MP: 9/9
  1144 | D:4      | Bought a scroll of teleportation for 30 gold pieces
  1144 | D:4      | Bought a scroll of fog for 20 gold pieces
  1230 | D:5      | Shot with an arrow by a centaur

Skill      XL: |  1  2  3  4  5  6 |
---------------+-------------------+-----
Fighting       | 3 4 6 |  6.0
Long Blades    | 3 |  3.1
Throwing       | |  1.0
Dodging        | |  2.3
Spellcasting   | |  2.0
Translocations | |  3.0

Action                   |  1- 3 |  4- 6 || total
-------------------------+-------+-------++-------
Melee: Falchion          |    34 |    48 ||    82
       Tentacles         |     5 |     5 ||    10
       Constrict         |     9 |    10 ||    19
Throw: Tomahawk          |       |     4 ||     4
 Cast: Blink             |     1 |     1 ||     2
Evoke: Wand              |       |     3 ||     3
  Use: Scroll            |       |     1 ||     1
 Stab: Sleeping          |     3 |     1 ||     4
Armor: Skin              |     2 |     4 ||     6
Dodge: Dodged            |    18 |    37 ||    55
       Rpst.: Falchion   |    10 |     9 ||    19
